 Dungeon Crawl Stone Soup version 0.30-a0-591-g3c58d2bc28 (webtiles) character file.

Game seed: 14433655530121151135

161 IdlyInterested the Poker (level 5, -2/41 HPs)
             Began as a Demonspawn Gladiator on Jan 4, 2023.
             Slain by a small abomination (15 damage)
             ... on level 3 of the Dungeon.
             The game lasted 00:07:21 (2932 turns).

IdlyInterested the Poker (Demonspawn Gladiator)     Turns: 2932, Time: 00:07:21

Health: -2/41      AC: 17    Str: 17    XL:     5   Next: 18%
Magic:  5/5        EV: 10    Int:  9    God:
Gold:   58         SH:  0    Dex: 14    Spells: 4/4 levels left

rFire   + . .      SeeInvis .    a - +0 trident
rCold   + . .      Faith    .    (no shield)
rNeg    . . .      Spirit   .    q - +0 plate armour
rPois   +          Reflect  .    c - +0 helmet
rElec   +          Harm     .    g - +2 cloak
rCorr   +          Rampage  .    m - +0 pair of gloves
Will    .....                    (no boots) Stlth
                                 p - amulet of magic regeneration
HPRegen 0.26/turn                h - +5 ring of evasion
MPRegen 0.49/turn                k - ring of poison resistance

@: resistant
A: molten scales 1, foul stench 1
a: no special abilities


You were on level 3 of the Dungeon.
You visited 1 branch of the dungeon, and saw 3 of its levels.

You collected 140 gold pieces.
You spent 82 gold pieces at shops.

Inventory:

Hand Weapons
 a - a +0 trident (weapon)
 i - a +0 rapier
Missiles
 d - 3 throwing nets
 e - a javelin
 f - 17 stones (quivered)
Armour
 b - a +0 leather armour
 c - a +0 helmet (worn)
 g - a +2 cloak (worn)
 m - a +0 pair of gloves (worn)
 q - a +0 plate armour (worn)
Jewellery
 h - a +5 ring of evasion (left hand)
 k - a ring of poison resistance (right hand)
 p - an amulet of magic regeneration (around neck)
Scrolls
 l - a scroll of immolation {unknown}
 n - 2 scrolls of blinking {unknown}
 r - 2 scrolls of teleportation {unknown}
 s - a scroll of enchant weapon
 u - a scroll of torment {unknown}
Potions
 j - 3 potions of curing
 t - a potion of heal wounds


   Skills:
 * Level 3.2 Fighting
 + Level 4.2 Polearms
 * Level 2.4 Throwing
 - Level 3.0 Dodging


You had 4 spell levels left.
You didn't know any spells.
Your spell library contained the following spells:

 Spells                   Type           Power      Damage    Failure   Level
 Hailstorm                Conj/Ice       0%         3d3       100%        3
 Ice Form                 Ice/Tmut       0%         N/A       100%        4
 Simulacrum               Ice/Necr       0%         N/A       100%        6


Dungeon Overview and Level Annotations

Branches:
Dungeon (3/15)

Altars:
Xom
Yredelemnul

Shops:
D:2 :(?[

Portals:
Abyss: D:3

Annotations:
D:3 1 transporter, Iich's ghost, amateur DsGl


Innate Abilities, Weirdness & Mutations

You are partially covered in molten scales. (AC +2)
You may rarely emit foul miasma when damaged in melee.


Message History

Iich's ghost misses you.
Iich's ghost hits you but does no damage.
You hit Iich's ghost.
Iich's ghost is heavily damaged.
Iich's ghost hits you.
You closely miss Iich's ghost.
Iich's ghost is heavily damaged.
Iich's ghost hits you but does no damage.
You closely miss Iich's ghost.
Iich's ghost is heavily damaged.
Iich's ghost hits you!
You hit Iich's ghost.
Iich's ghost is severely damaged.
Iich's ghost hits you but does no damage.
You closely miss Iich's ghost.
Iich's ghost is severely damaged.
Iich's ghost hits you but does no damage.
The small abomination hits you!
* * * LOW HITPOINT WARNING * * *
It was a potion of heal wounds.
You feel much better. The small abomination hits you. Iich's ghost hits you!
Okay, then.
You hit Iich's ghost.
Iich's ghost is severely damaged.
The small abomination hits you but does no damage.
Iich's ghost hits you but does no damage.
The small abomination hits you but does no damage.
You hit Iich's ghost.
Iich's ghost is severely damaged.
The small abomination hits you but does no damage.
Iich's ghost hits you but does no damage.
You hit Iich's ghost.
Iich's ghost is almost destroyed.
The small abomination completely misses you.
Iich's ghost hits you. The small abomination hits you.
* * * LOW HITPOINT WARNING * * *
You hit Iich's ghost.
Iich's ghost is almost destroyed.
The small abomination hits you!
You die...

#.# #..)................. #.#
######.....©.............. #.#
#........####.......###... ##.##
#........##.###...###.##.. #...#
#.)......##5. ##..# .#.#.. #.#.#
#.........#.## ####.# ##.. #...#
#........##.∩ .©..# ##... #.###
######..##x#####.#..##.... #.#
#..#@).# .$..#5#..... #.#
#..##W(# ###..5###... #.#
#...##..##.### ###..
#.###########...##.##....##...#..
#..............##.#.###...##..#..
###########.#..#.#.#..##..##.##..
#.#..##.K.#.5#©.#..#...
#.#...####..##).##.#...
#.#......####....###...


You could see a small abomination and Iich's ghost.

Vanquished Creatures
  Pargi (D:3)
  2 adders (D:3)
  2 worms (D:2)
  A dart slug (D:2)
  3 endoplasms (D:1)
  A giant cockroach (D:2)
  3 hobgoblins
  4 quokkas
  7 ball pythons
  A frilled lizard (D:2)
  9 goblins
  2 kobolds (D:3)
  4 rats
40 creatures vanquished.

Notes
Turn   | Place    | Note
-------+----------+-------------------------------------------
     0 | D:1      | IdlyInterested the Demonspawn Gladiator began the quest for
                  | the Orb.
     0 | D:1      | Reached XP level 1. HP: 16/16 MP: 1/1
   416 | D:1      | Found a faded altar of an unknown god.
   431 | D:1      | Gained mutation: You are partially covered in molten
                  | scales. (AC +2) [demonic ancestry]
   431 | D:1      | Reached XP level 2. HP: 22/22 MP: 2/2
   519 | D:1      | Reached skill level 3 in Polearms
  1236 | D:2      | Found Legra's Book Shop.
  1393 | D:2      | Found Huycaqin's Magic Scroll Shoppe.
  1393 | D:2      | Found Hemar's Armour Boutique.
  1486 | D:2      | Found a shimmering altar of Xom.
  1553 | D:2      | Found Qealun's Weapon Shoppe.
  1721 | D:2      | Reached XP level 3. HP: 28/28 MP: 3/3
  2143 | D:2      | Bought a scroll of enchant weapon for 82 gold pieces
  2324 | D:3      | Found a basalt altar of Yredelemnul.
  2366 | D:3      | Found a transporter.
  2367 | D:3      | Found a transporter.
  2374 | D:3      | Noticed Iich's ghost (amateur DsGl)
  2399 | D:3      | Found a one-way gate to the infinite horrors of the Abyss.
  2410 | D:3      | Noticed a small abomination
  2739 | D:3      | Noticed Pargi
  2761 | D:3      | Killed Pargi
  2762 | D:3      | Reached skill level 4 in Polearms
  2762 | D:3      | Reached XP level 4. HP: 23/35 MP: 4/4
  2762 | D:3      | Gained mutation: You may rarely emit foul miasma when
                  | damaged in melee. [demonic ancestry]
  2762 | D:3      | Reached XP level 5. HP: 28/41 MP: 5/5
  2932 | D:3      | Slain by a small abomination

Illustrated notes

Levels and vault maps discovered:
D:1:      dpeg_arrival_chambers_temple_mockup, layout_basic,
          dreamdust_ecumenical_altar_angels_and_demons, palyth_stone_intersect
D:2:      layout_basic, serial_corexii_hall, corexii_hall_statues_deadend,
          chequers_hall_statues_wall_a, serial_shops, shop, shop_fountains,
          nicolae_square_shop, nicolae_shop_temple_entry_statues_fountains,
          basic_altar
D:3:      layout_loops_cross, mainiacjoe_overflow_paths,
          gammafunk_ghost_abyssal_escape, kennysheep_generic_room_13, uniq_pargi

Skill      XL: |  1  2  3 |
---------------+----------+-----
Dodging        | 3 |  3.0
Polearms       | 3 4 |  4.2
Throwing       | 2 |  2.4
Fighting       | 3 |  3.2

Action                   |  1- 3 |  4- 6 || total
-------------------------+-------+-------++-------
Melee: Trident           |   155 |    23 ||   178
       Punch             |     1 |       ||     1
Throw: Stone             |     1 |       ||     1
  Use: Potion            |       |     3 ||     3
 Stab: Sleeping          |     4 |       ||     4
Armor: Leather armour    |    17 |       ||    17
       Plate armour      |    53 |    15 ||    68
Dodge: Dodged            |   110 |     7 ||   117

Table legend: (Time is in decaauts)
 A = Elapsed time spent in this place.
 B = Non-inter-level travel time spent in this place.
 C = Inter-level travel time spent in this place.
 D = Time resting spent in this place.
 E = Time spent auto-exploring this place.
 F = Levels seen in this place.
 G = Mean time per level.
                   A        B        C        D        E       F      G
               +--------+--------+--------+--------+--------+-----+--------+
         Total |   2954 |   2619 |    335 |     34 |   1987 |   3 |  984.7 |
       Dungeon |   2954 |   2619 |    335 |     34 |   1987 |   3 |  984.7 |
               +--------+--------+--------+--------+--------+-----+--------+

Top non-repeatable levels by time:
     D:1: 1345 daAuts
     D:2: 953 daAuts
     D:3: 655 daAuts
